 Dungeon Crawl Stone Soup version 0.29.0-4-gdea44cf6ec (webtiles) character file.

Game seed: 314911203840300962

21 qw the Chopper (level 2, -1/17 HPs)
             Began as a Tengu Warper on Aug 28, 2022.
             Slain by a hobgoblin (3 damage)
             ... led by Robin
             ... on level 2 of the Dungeon.
             The game lasted 00:00:01 (375 turns).

qw the Chopper (Tengu Warper)                        Turns: 375, Time: 00:00:02

Health: -1/17      AC:  3    Str: 11    XL:     2   Next: 87%
Magic:  6/6        EV: 11    Int: 13    God:
Gold:   23         SH:  0    Dex: 13    Spells: 5/5 levels left

rFire   . . .      SeeInvis .   a - +0 hand axe
rCold   . . .      Faith    .   (no shield)
rNeg    . . .      Spirit   .   b - +0 leather armour
rPois   .          Reflect  .   (helmet restricted)
rElec   .          Harm     .   (no cloak)
rCorr   .          Rampage  .   (no gloves)
Will    .....                   (boots unavailable)
Stlth   +.........              (no amulet)
HPRegen 0.05/turn               (no ring)
MPRegen 0.10/turn               (no ring)

@: no status effects
A: beak, talons 3
a: no special abilities


You were on level 2 of the Dungeon.
You visited 1 branch of the dungeon, and saw 2 of its levels.

You collected 23 gold pieces.


Innate Abilities, Weirdness & Mutations

You have a beak for a mouth.
You have claws for feet.


   Skills:
 - Level 2.0 Fighting
 + Level 3.6 Axes
 - Level 1.0 Throwing
 - Level 1.1 Armour
 - Level 2.1 Dodging
 - Level 2.0 Spellcasting
 - Level 2.4 Translocations


You had 5 spell levels left.
You didn't know any spells.
Your spell library contained the following spells:

 Spells                   Type           Power      Damage    Failure   Level
 Blink                    Tloc           14%        N/A       19%         2
 Gell's Gravitas          Tloc           7%         N/A       36%         3
 Lesser Beckoning         Tloc           7%         N/A       36%         3
 Teleport Other           Tloc           7%         N/A       36%         3
 Manifold Assault         Tloc           7%         N/A       98%         5

Inventory:

Hand Weapons
 a - a +0 hand axe (weapon)
 d - a +0 club
Armour
 b - a +0 leather armour (worn)
 e - a +0 scale mail
Scrolls
 c - a scroll of blinking

Dungeon Overview and Level Annotations

Branches:
Dungeon (1/15)

Altars:

Shops:
D:1 (

Annotations:
D:2 Robin


Message History

The quokka bites you. The goblin hits you but does no damage.
Robin throws the goblin at you! The goblin hits you with a +0 club.
The quokka bites you but does no damage.
You hit the goblin.
You kill the goblin!
You hit the quokka. You hit the goblin. The quokka misses you.
The goblin hits you but does no damage.
You barely miss the quokka. Your kick misses the quokka.
The quokka is severely wounded.
You hit the goblin.
You kill the goblin!
You hit the goblin.
You kill the goblin!
The quokka barely misses you. The quokka closely misses you.
You hit the quokka.
You kill the quokka!
You hit the goblin. You barely miss the goblin. Robin throws the goblin at you!
The goblin hits you but does no damage. The goblin closely misses you.
The hobgoblin misses you. The goblin hits you but does no damage.
The goblin closely misses you.
You hit the goblin. Your kick misses the goblin. Your peck misses the goblin.
The goblin is severely wounded.
You closely miss the goblin. You hit the hobgoblin. You hit the goblin.
The goblin hits you with a +0 dagger.
The hobgoblin hits you but does no damage.
The goblin hits you with a +0 club. The goblin hits you but does no damage.
You hit the goblin.
You kill the goblin!
You hit the goblin.
You kill the goblin!
You hit the hobgoblin but do no damage. You hit the goblin.
You kill the goblin!
The hobgoblin misses you.
You hit the hobgoblin.
The hobgoblin is almost dead.
You hit the frilled lizard.
You kill the frilled lizard!
You closely miss the goblin. The hobgoblin hits you.
You die...

.....############
.....##.........#
.....##.........########
.....##.........#.......
.....##.........#.......
.....##.........#g..?...
.....##.........#g......
.....##.........#gJ.)...
....%%'.........@gg.....
.....##........)#g......
.....############.......
.....# ....... .....#
....... ###### .......
#######


You could see Robin, an endoplasm, 3 hobgoblins and 2 goblins.

Vanquished Creatures
  An adder (D:2)
  A kobold (D:2)
  A quokka (D:2)
  2 frilled lizards (D:2)
  6 goblins (D:2)
  2 rats
13 creatures vanquished.

Notes
Turn   | Place    | Note
-------+----------+-------------------------------------------
     0 | D:1      | qw the Tengu Warper began the quest for the Orb.
     0 | D:1      | Reached XP level 1. HP: 12/12 MP: 4/4
     0 | D:1      | 0 ||| qw: Version: 0.1-a-89-g26bdef1
     0 | D:1      | 0 ||| qw: Game counter: 2211
     0 | D:1      | 0 ||| qw: Always use a shield: true
     0 | D:1      | 0 ||| qw: God list: Okawaru
     0 | D:1      | 0 ||| qw: Allow faded altars: false
     0 | D:1      | 0 ||| qw: Do Orc after D:15 true
     0 | D:1      | 0 ||| qw: Do second Lair branch before Depths: true
     0 | D:1      | 0 ||| qw: Lair rune preference: random
     0 | D:1      | 0 ||| qw: Plans: Normal
     0 | D:1      | 0 ||| PLANNING D:1-11
    28 | D:1      | Found Surhapsa's Weapon Emporium.
    35 | D:1      | 35 ||| SHOPLISTING +0 club (10 gold, have 0).
    35 | D:1      | 35 ||| SHOPLISTING +0 mace (30 gold, have 0).
    35 | D:1      | 35 ||| SHOPLISTING +0 morningstar (40 gold, have 0).
    35 | D:1      | 35 ||| SHOPLISTING +0 whip (25 gold, have 0).
    35 | D:1      | 35 ||| SHOPLISTING +1 war axe of venom (112 gold, have 0).
    98 | D:1      | You fall into a shaft and drop 1 floor!
   114 | D:2      | 114 ||| Stepping ~*~*~tactically~*~*~ (stealth).
   115 | D:2      | 115 ||| Stepping ~*~*~tactically~*~*~ (stealth).
   122 | D:2      | Reached skill level 3 in Axes
   122 | D:2      | Reached XP level 2. HP: 8/17 MP: 6/6
   368 | D:2      | Noticed Robin
   373 | D:2      | HP: 4/17 [goblin/+0 dagger[Robin] (3)]
   375 | D:2      | Slain by a hobgoblin

Levels and vault maps discovered:
D:1:      scummos_arrival_hexagon, layout_basic, serial_shops, shop, shop,
          nicolae_shop_bloodbath_and_beyond, nicolae_shop_hallway_plus,
          nicolae_shop_trees
D:2:      layout_basic, uniq_robin, uniq_crazy_yiuf_cottage

Skill      XL: |  1 |
---------------+----+-----
Axes           | 3 |  3.6
Fighting       | |  2.0
Throwing       | |  1.0
Armour         | |  1.1
Dodging        | |  2.1
Spellcasting   | |  2.0
Translocations | |  2.4

Action                   || total
-------------------------++-------
Melee: Hand axe          ||    13
       Kick              ||     3
Throw: Boomerang         ||     7
Armor: Leather armour    ||     8
Dodge: Dodged            ||    10

Table legend:
 A = Non-vault XP
 B = Vault XP
 C = Vault XP percentage of total XP
 D = Non-vault monster count
 E = Vault monster count
 F = Vault count percentage of total count
                 A         B        C        D         E       F
            +---------+---------+-------+---------+---------+-------
      Total |      22 |      10 |  31.2 |       7 |       6 |  46.2
            +---------+---------+-------+---------+---------+-------
        D:1 |       1 |       0 |   0.0 |       1 |       0 |   0.0
        D:2 |      21 |      10 |  32.3 |       6 |       6 |  50.0
            +---------+---------+-------+---------+---------+-------
